 Dungeon Crawl Stone Soup version 0.30-a0-1114-gd936c97349 (webtiles) character file.

Game seed: 3674528232027815435

1502 Warped the Cutter (level 8, 0/52 (54) HPs)
             Began as an Octopode Fighter on Apr 21, 2023.
             Was a Follower of Makhleb.
             Slain by a wight
             ... wielding a +1 falchion of electrocution
              (8 damage)
             ... on level 6 of the Dungeon.
             The game lasted 00:09:01 (4091 turns).

Warped the Cutter (Octopode Fighter)                Turns: 4091, Time: 00:09:02

HP:   0/52 (54)     AC:  1    Str: 27    XL:     8   Next: 82%
MP:   11/11         EV: 14    Int: 10    God:    Makhleb [*.....]
Gold: 375           SH:  6    Dex: 14    Spells: 9/12 levels left

rFire   . . .      SeeInvis .    a - +4 dagger (elec)
rCold   . . .      Faith    .    d - +1 buckler
rNeg    . . .      Spirit   .    (helmet restricted)
rPois   .          Reflect  .    (no amulet)
rElec   .          Rampage  .    e - +6 ring of strength
rCorr   .                        u - +6 ring of strength
Will    .....                    (no ring)
Stlth   ++++                     (no ring)
HPRegen 0.28/turn                (no ring)
MPRegen 0.12/turn                (no ring)
                                 (no ring)
                                 (no ring)

@: lightly drained
A: almost no armour, amphibious, 8 rings, camouflage 1, gelatinous body 1,
(nimble swimmer 1), tentacles
a: Renounce Religion


You were on level 6 of the Dungeon.
You worshipped Makhleb.
Makhleb was aware of your devotion.
You visited 2 branches of the dungeon, and saw 7 of its levels.

You collected 375 gold pieces.

Inventory:

Hand Weapons
 a - a +4 dagger of electrocution (weapon)
 b - a +3 sling
 o - a +0 rapier
 z - a +0 dagger of protection
 B - a +0 spear
Missiles
 j - 7 boomerangs
 k - 77 stones
 x - a throwing net (quivered)
Armour
 d - a +1 buckler (worn)
 D - a +0 kite shield
Magical Staves
 w - a staff of cold
Jewellery
 e - a +6 ring of strength (left tentacle)
 q - a +4 ring of protection
 u - a +6 ring of strength (right tentacle)
Wands
 t - a wand of flame (22)
 y - a wand of roots (8)
Scrolls
 f - a scroll of fear
 g - 2 scrolls of fog
 h - a scroll of enchant armour
 p - 3 scrolls of magic mapping
 r - 3 scrolls of teleportation
 s - 2 scrolls of immolation
 A - a scroll of amnesia
Potions
 c - 2 potions of might
 i - a potion of haste {unknown}
 l - 2 potions of magic
 m - 5 potions of brilliance
 n - a potion of heal wounds
 v - a potion of invisibility
 C - a potion of mutation {unknown}
 E - a potion of ambrosia {unknown}
 F - a potion of berserk rage {unknown}
 G - a potion of curing {unknown}


   Skills:
 + Level 4.9 Fighting
 * Level 5.9 Short Blades
 + Level 5.0 Dodging
 + Level 5.3 Stealth
 + Level 5.0 Shields
 - Level 2.5 Spellcasting
 - Level 2.5 Ice Magic


You had 9 spell levels left.
You knew the following spells:

 Your Spells              Type           Power      Damage    Failure   Level
a - Ozocubu's Armour      Ice            6%         N/A       38%         3

Your spell library contained the following spells:

 Spells                   Type           Power      Damage    Failure   Level
 Beastly Appendage        Tmut           2%         N/A       36%         1
 Lesser Beckoning         Tloc           2%         N/A       50%         2
 Wereblood                Tmut           1%         N/A       50%         2
 Call Canine Familiar     Summ           1%         N/A       75%         3
 Gell's Gravitas          Tloc           1%         N/A       75%         3
 Portal Projectile        Hex/Tloc       2%         N/A       75%         3
 Spider Form              Tmut/Pois      1%         N/A       75%         3
 Teleport Other           Tloc           1%         N/A       75%         3
 Leda's Liquefaction      Hex/Erth       0%         N/A       98%         4
 Ozocubu's Refrigeration  Ice            3%         4d8       100%        7
 Chain Lightning          Conj/Air       0%         2d1       100%        9
 Fire Storm               Conj/Fire      0%         6d1       100%        9
 Shatter                  Erth           0%         3d5*      100%        9


Dungeon Overview and Level Annotations

Branches:
Dungeon (6/15)             Temple (1/1) D:4

Altars:
Ashenzari
Dithmenos
Fedhas
Gozag
Kikubaaqudgha
Makhleb
Nemelex Xobeh
Ru
Trog
Uskayaw
Wu Jian
Xom
Yredelemnul
Zin

Annotations:
D:4 2 transporters, Battleaxe07's ghost, amateur DrBe


Innate Abilities, Weirdness & Mutations

You cannot wear most types of armour.
You are amphibious.
You can wear up to eight rings at the same time.
Your skin changes colour to match your surroundings (Stealth+).
Your rubbery body absorbs attacks. (AC +1, EV +1)
((You are camouflaged when in or above water. (Stealth+)))
You have tentacles for arms and can constrict up to eight enemies at once.


Message History

You hit the black bear. You grab the black bear.
The black bear is lightly wounded.
You constrict the black bear.
The black bear bites you but does no damage.
The black bear claws you. x2
You hit the black bear.
The black bear is moderately wounded.
You constrict the black bear. The black bear bites you.
You block the black bear's attack. The black bear claws you.
You hit the black bear.
The black bear is heavily wounded.
You constrict the black bear. You block the black bear's attack.
The black bear claws you. You block the black bear's attack.
You hit the black bear.
The black bear is severely wounded.
You constrict the black bear. You hit the black bear.
Lightning courses through the black bear!
You kill the black bear!
Makhleb accepts your kill.
Your Dodging skill increases to level 5!
Your Shields skill increases to level 5!
Unknown command.
You hit the wight. Your grab misses the wight.
The wight is moderately damaged.
The wight hits you with a +1 falchion of electrocution!
You feel drained.
You are electrocuted!
* * * LOW HITPOINT WARNING * * *
You hit the wight. You grab the wight.
The wight is heavily damaged.
You constrict the wight.
The wight hits you with a +1 falchion of electrocution.
* * * LOW HITPOINT WARNING * * *
As you read the scroll of fear, it crumbles to dust.
You assume a fearsome visage.
The wight is unaffected. x3
The gnoll looks frightened!
You constrict the wight. The wight completely misses you.
You release your grip on the wight.
The wight attacks as you move away!
The wight hits you with a +1 falchion of electrocution!
You die...

.............# ######
....g...g....#
.......).?...#
.............#
............# #####
...........## #....
...!......## #.###
.........###### #
.......gzzz@..# ##
.......######.# #.
......# #.### #.
.....# #...# #####.
#####
#########.#####.#.....
#...............#.###.
#.#######.#######.##..
#.# #.# #.#...
#.#######.#######....#


You could see 3 wights and a gnoll (fleeing).

Vanquished Creatures
  Pikel (D:6)
  An ice beast (D:5)
  A black bear (D:6)
  2 ogres (D:4)
  A phantom (D:5)
  A lemure (D:6)
  A scorpion (D:4)
  A jelly (D:5)
  An orc priest (D:5)
  5 hounds
  6 iguanas
  3 orc wizards
  3 adders
  A shadow imp (D:5)
  A worm (D:4)
  2 dart slugs
  20 orcs
  5 endoplasms
  2 giant cockroaches
  5 hobgoblins
  5 jackals
  3 quokkas
  3 ball pythons
  3 bats
  A frilled lizard (D:2)
  8 goblins
  2 kobolds
  5 rats
93 creatures vanquished.

Notes
Turn   | Place    | Note
-------+----------+-------------------------------------------
     0 | D:1      | Warped the Octopode Fighter began the quest for the Orb.
     0 | D:1      | Reached XP level 1. HP: 16/16 MP: 1/1
   184 | D:1      | Reached XP level 2. HP: 21/21 MP: 2/2
   401 | D:1      | Reached skill level 1 in Stealth
   710 | D:2      | Reached XP level 3. HP: 26/26 MP: 3/3
  1035 | D:3      | Found a faded altar of an unknown god.
  1172 | D:3      | Learned a level 3 spell: Ozocubu's Armour
  1257 | D:3      | Found a sacrificial altar of Ru.
  1623 | D:3      | Reached XP level 4. HP: 31/31 MP: 5/5
  1825 | D:4      | Reached skill level 1 in Spellcasting
  1872 | D:4      | Noticed a scorpion
  1893 | D:4      | Reached XP level 5. HP: 29/36 MP: 6/6
  2097 | D:4      | Found a transporter.
  2102 | D:4      | Noticed Battleaxe07's ghost (amateur DrBe)
  2103 | D:4      | Found a transporter.
  2163 | D:4      | Found a staircase to the Ecumenical Temple.
  2179 | Temple   | Entered the Ecumenical Temple
  2316 | Temple   | Became a worshipper of Makhleb the Destroyer
  2374 | D:4      | Reached skill level 1 in Ice Magic
  2378 | D:4      | Noticed an ogre
  2391 | D:4      | Killed an ogre
  2392 | D:4      | Reached XP level 6. HP: 38/43 MP: 8/8
  2617 | D:4      | Reached XP level 7. HP: 47/47 MP: 9/9
  2885 | D:5      | Entered Level 5 of the Dungeon
  3422 | D:5      | Reached * piety under Makhleb
  3446 | D:5      | Reached XP level 8. HP: 28/54 MP: 11/11
  3902 | D:6      | Reached skill level 5 in Short Blades
  4011 | D:6      | Noticed Pikel
  4020 | D:6      | Killed Pikel
  4021 | D:6      | Reached skill level 5 in Stealth
  4088 | D:6      | Reached skill level 5 in Dodging
  4088 | D:6      | Reached skill level 5 in Shields
  4091 | D:6      | Slain by a wight

Illustrated notes

Levels and vault maps discovered:
D:1:      grunt_arrival_crossed_arrows, layout_basic
D:2:      layout_rooms
D:3:      layout_basic, marbit_many_paths, hellmonk_ecumenical_altar_run_dry
D:4:      layout_rooms, minmay_temple_entry_glass, gammafunk_ghost_mausoleum,
          serial_bayou_pond_d, minmay_pentangle
D:5:      layout_rooms, dreamdust_princess_corridor
D:6:      layout_basic, uniq_pikel
Temple:   hc_temple_tempest_star

Skill      XL: |  1  2  3  4  5  6  7  8 |
---------------+-------------------------+-----
Stealth        | 1 2 3 4 5 |  5.3
Short Blades   | 3 4 5 |  5.9
Spellcasting   | 1 2 |  2.5
Ice Magic      | 1 2 |  2.5
Shields        | 4 5 |  5.0
Fighting       | 4 |  4.9
Dodging        | 4 5 |  5.0

Action                     |  1- 3 |  4- 6 |  7- 9 || total
---------------------------+-------+-------+-------++-------
  Melee: Dagger            |    63 |    48 |    81 ||   192
         Tentacles         |    13 |     9 |    14 ||    36
         Constrict         |    15 |    10 |    19 ||    44
         Rapier            |     3 |       |       ||     3
  Evoke: Wand              |       |     1 |     5 ||     6
    Use: Scroll            |     1 |    10 |     5 ||    16
         Potion            |       |     4 |       ||     4
   Stab: Sleeping          |     7 |     3 |     3 ||    13
         Distracted        |       |     1 |       ||     1
 Armour: Skin              |     8 |     1 |     2 ||    11
  Dodge: Dodged            |    34 |    19 |    27 ||    80
  Block: Buckler           |    11 |     9 |    14 ||    34

Table legend: (Time is in decaauts)
 A = Elapsed time spent in this place.
 B = Non-inter-level travel time spent in this place.
 C = Inter-level travel time spent in this place.
 D = Time resting spent in this place.
 E = Time spent auto-exploring this place.
 F = Levels seen in this place.
 G = Mean time per level.
                   A        B        C        D        E       F      G
               +--------+--------+--------+--------+--------+-----+--------+
         Total |   4060 |   3883 |    177 |    232 |   2783 |   7 |  580.0 |
       Dungeon |   3902 |   3745 |    157 |    232 |   2679 |   6 |  650.3 |
        Temple |    158 |    138 |     20 |      0 |    104 |   1 |  158.0 |
               +--------+--------+--------+--------+--------+-----+--------+

Top non-repeatable levels by time:
     D:3: 887 daAuts
     D:4: 824 daAuts
     D:5: 718 daAuts
     D:1: 645 daAuts
     D:6: 471 daAuts
     D:2: 353 daAuts
  Temple: 158 daAuts
